 Dungeon Crawl Stone Soup version 0.15.2 (webtiles) character file.

21 HAWKINGL3623 the Vexing (level 2, 0/22 HPs)
             Began as a Demigod Arcane Marksman on Mar 7, 2016.
             Slain by a giant gecko (1 damage)
             ... on Level 2 of the Dungeon.
             The game lasted 00:04:38 (979 turns).

HAWKINGL3623 the Vexing (Demigod Arcane Marksman)    Turns: 979, Time: 00:04:38

HP   0/22        AC  2     Str 14      XL: 2   Next: 45%
MP   3/4         EV 12     Int 20      God:
Gold 65          SH  0     Dex 15      Spells:  1 memorised,  2 levels left

rFire  . . .     SeeInvis .     e - +0 spear
rCold  . . .     Rnd*Rage +     a - +0 robe
rNeg   . . .     rCorr    .     (no shield)
rPois  .         rRot     .     (no helmet)
rElec  .         Spirit   .     (no cloak)
SustAb .         Warding  .     (no gloves)
rMut   .         Stasis   .     (no boots)
Gourm  .                        (no amulet)
MR     .....                    (no ring)
                                (no ring)

@: not resistant to hostile enchantments, very unstealthy
A: berserk 1, clever 1
a: no special abilities


You were on level 2 of the Dungeon.
You were not hungry.

You visited 1 branch of the dungeon, and saw 2 of its levels.

You collected 65 gold pieces.

Inventory:

Hand weapons
 b - a +0 hunting sling
 e - a +0 spear (weapon)
Missiles
 c - 23 sling bullets
 h - 44 stones (quivered)
 i - 18 bolts
Armour
 a - a +0 robe (worn)
Comestibles
 f - a bread ration
 g - a meat ration
 j - a beef jerky
 m - a slice of pizza
 n - 2 fruits
Scrolls
 k - a scroll of fog
 l - a scroll of blinking
Books
 d - a book of Debilitation

   Spells                             Type                      Level
   *Corona                            Hexes                        1
   Slow                               Hexes                        2
   Inner Flame                        Hexes/Fire                   3
   Enslavement                        Hexes                        4
   Cause Fear                         Hexes                        4
   Leda's Liquefaction                Hexes/Earth                  4


   Skills:
 + Level 0.8 Fighting
 + Level 2.1 Slings
 + Level 1.9 Dodging
 + Level 1.0 Spellcasting
 + Level 3.2 Hexes


You had 2 spell levels left.
You knew the following spells:

 Your Spells              Type           Power        Failure   Level  Hunger
a - Corona                Hex            ##.....      6%          1    ##.....


Dungeon Overview and Level Annotations

Branches:
Dungeon (2/15)


Innate Abilities, Weirdness & Mutations

You tend to lose your temper in combat.
Your mind is acute. (Int +2)


Message History

The giant gecko is almost dead.
The giant gecko closely misses you.
The giant gecko bites you but does no damage.
You hit the giant gecko but do no damage.
The giant gecko is almost dead.
The giant gecko barely misses you.
You barely miss the giant gecko.
The giant gecko is almost dead.
The giant gecko bites you.
* * * LOW HITPOINT WARNING * * *
Casting: Corona
Confirm with . or Enter, or press ? or * to list all spells.
Aiming: Corona
Press: ? - help, Shift-Dir - straight line, f/p - giant gecko
Aim: a giant gecko (almost dead, clinging)
The giant gecko is outlined in light.
The giant gecko bites you.
* * * LOW HITPOINT WARNING * * *
The giant gecko hisses menacingly.
The giant gecko bites you.
You die...

.........#
##.##....#
#.########
#.>##.##.# #.#
#.####.###.##.#
#.#
#..........##.#
#.#
######.######.#
#.. #.# #.# ###
#####.# #.#
#.....# #.#
#@##### #.#
#..l# #.# #.#.#
#.# #..(# # .(#
.... .... .....
.(#


You could see a giant gecko.

Vanquished Creatures
  A giant gecko (D:1)
  An ooze (D:1)
  3 hobgoblins (D:1)
  4 kobolds (D:1)
  A quokka (D:2)
  4 bats
  A goblin (D:1)
  3 rats
18 creatures vanquished.

Notes
Turn   | Place    | Note
--------------------------------------------------------------
     0 | D:1      | HAWKINGL3623, the Demigod Arcane Marksman, began the quest for the Orb.
     0 | D:1      | Reached XP level 1. HP: 15/15 MP: 3/3
     0 | D:1      | Noticed an elf zombie
     0 | D:1      | Noticed a troll zombie
     0 | D:1      | Noticed a merfolk zombie
     4 | D:1      | Noticed a formicid zombie
     6 | D:1      | Noticed a human zombie
     8 | D:1      | Noticed a centaur zombie
    10 | D:1      | Noticed a spriggan zombie
    10 | D:1      | Noticed a merfolk zombie
    12 | D:1      | Noticed a formicid zombie
    12 | D:1      | Noticed a formicid zombie
    17 | D:1      | Noticed a merfolk zombie
    17 | D:1      | Noticed a spriggan zombie
    19 | D:1      | Noticed a draconian zombie
    21 | D:1      | Noticed an elf zombie
   295 | D:1      | Reached skill level 3 in Hexes
   338 | D:1      | Reached XP level 2. HP: 22/22 MP: 4/4
   833 | D:2      | Found a snail-covered altar of Cheibriados.
   878 | D:2      | Gained mutation: You tend to lose your temper in combat. [potion of mutation]
   878 | D:2      | Gained mutation: Your mind is acute. (Int +2) [potion of mutation]
   979 | D:2      | HP: 1/22 [giant gecko (3)]
   979 | D:2      | Slain by a giant gecko

Action                   || total
-------------------------++-------
Melee: Spear             ||    16
       Hunting sling     ||     2
 Fire: Hunting sling     ||    40
 Cast: Corona            ||     3
  Use: Scroll            ||     2
       Potion            ||     2
